[Event "Titled Tuesday Blitz February 15 Early 2022"]
[White "Singh, Ojasva"]
[Black "Shtyka, Sergey"]
[WhiteFideId "25681958"]
[BlackFideId "4138465"]
[WhiteElo "1741"]
[BlackElo "2014"]
[Result "0-1"]
[Round "08"]
[TimeControl "180+1"]
[Date "2022.02.15"]
[WhiteClock "0:00:05"]
[BlackClock "0:00:13"]

1. e4 c5 2. Nf3 d6 3. d4 cxd4 4. Nxd4 Nf6 5. Nc3 g6 6. Bg5 Bg7 7. Qd2 h6 8. Bh4 Nc6 9. Nb3 Be6 10. Be2 Rc8 11. O-O a6 12. f4 b5 13. f5 Bc4 14. fxg6 fxg6 15. Bxc4 bxc4 16. Nd4 Qb6 17. Bf2 Nxe4 18. Nxe4 Bxd4 19. c3 Bxf2+ 20. Rxf2 Rf8 21. Rf1 Ne5 22. Kh1 Rxf2 23. Rxf2 Kd7 24. Qxh6 d5 25. Qh3+ Qe6 26. Qxe6+ Kxe6 27. Ng5+ Kd6 28. h3 Rb8 29. g4 Nd3 30. Re2 e5 31. h4 a5 32. h5 gxh5 33. gxh5 Nf4 34. Rh2 Rg8 35. h6 Rxg5 36. h7 Ng6 37. Rh6 Kc5 38. Rxg6 Rh5+ 39. Kg2 Rxh7 40. Re6 Rh5 41. Kg3 e4 42. Re8 Rh1 43. Rc8+ Kd6 44. Rd8+ Ke5 45. Re8+ Kd6 46. Rd8+ Ke6 47. Re8+ Kd7 48. Ra8 Rb1 49. Rxa5 Kc6 50. Ra6+ Kb5 51. Ra8 Kc5 52. Rc8+ Kd6 53. Rd8+ Kc6 54. Rb8 Ra1 55. a3 Rf1 56. Rc8+ Kd7 57. Rc5 Kd6 58. Rc8 Rf3+ 59. Kg2 Kd7 60. Rc5 Ke6 61. Rc6+ Ke5 62. Rc8 Kf4 63. Rf8+ Ke3 64. Rxf3+ exf3+ 65. Kf1 d4 66. cxd4 Kxd4 67. Kf2 Kd3 68. Kxf3 Kc2 69. a4 Kxb2 70. a5 c3 71. a6 c2 72. a7 c1=Q 73. a8=Q Qh1+ 0-1


[Site "https://www.chess.com"]

[Event "Titled Tuesday Blitz February 15 Early 2022"]
[White "Sinitsina, Anastassia"]
[Black "Yang, Kaiqi"]
[WhiteFideId "4504640"]
[BlackFideId "8604398"]
[WhiteElo "2144"]
[BlackElo "2373"]
[Result "0-1"]
[Round "08"]
[TimeControl "180+1"]
[Date "2022.02.15"]
[WhiteClock "0:00:07"]
[BlackClock "0:00:03"]

1. Nf3 Nf6 2. g3 g6 3. Bg2 Bg7 4. O-O O-O 5. d4 d6 6. c4 c5 7. Nc3 Nc6 8. h3 cxd4 9. Nxd4 Nxd4 10. Qxd4 Be6 11. Qd3 Qc8 12. b3 Bxh3 13. Bg5 Bxg2 14. Kxg2 Re8 15. Rac1 h6 16. Be3 Ng4 17. Bd4 Ne5 18. Qe3 h5 19. Rfd1 Qc6+ 20. Kg1 a6 21. Nd5 e6 22. Nb4 Qc7 23. c5 d5 24. Qc3 f5 25. Kg2 a5 26. Nc2 Nc6 27. Bxg7 Qxg7 28. Na3 Qxc3 29. Rxc3 d4 30. Rc4 e5 31. Nb5 Rad8 32. Nd6 Re7 33. Nb5 Kg7 34. a3 Red7 35. b4 axb4 36. axb4 d3 37. exd3 Rxd3 38. Rxd3 Rxd3 39. Nd6 Rb3 40. b5 Nd4 41. c6 bxc6 42. bxc6 Nxc6 43. Rxc6 e4 44. Rc7+ Kf6 45. Ne8+ Kg5 46. Rc2 Rb6 47. Nc7 h4 48. Nd5 Ra6 49. gxh4+ Kxh4 50. Ne3 Kg5 51. f3 exf3+ 52. Kxf3 Ra3 53. Rg2+ Kf6 54. Kf2 g5 55. Ke2 Ra2+ 56. Kf3 Ra3 57. Ke2 f4 58. Ng4+ Kf5 59. Nh6+ Kg6 0-1


[Site "https://www.chess.com"]

[Event "Titled Tuesday Blitz February 15 Early 2022"]
[White "Stankovic, Ivan G"]
[Black "Howell, David W L"]
[WhiteFideId "902837"]
[BlackFideId "410608"]
[WhiteElo "2195"]
[BlackElo "2559"]
[Result "0-1"]
[Round "08"]
[TimeControl "180+1"]
[Date "2022.02.15"]
[WhiteClock "0:01:35"]
[BlackClock "0:01:18"]

1. e4 e5 2. d4 exd4 3. Qxd4 Nc6 4. Qe3 Nf6 5. Nc3 Bb4 6. Bd2 O-O 7. O-O-O Re8 8. f3 d5 9. Qf2 dxe4 10. Bg5 Bd7 11. Nd5 Be7 12. Nxe7+ Qxe7 13. Bxf6 gxf6 14. fxe4 Rad8 15. Qg3+ Kh8 16. Qxc7 Bg4 17. Rxd8 Rxd8 18. Qxe7 Rd1# 0-1


[Site "https://www.chess.com"]

[Event "Titled Tuesday Blitz February 15 Early 2022"]
[White "Stefanov, Plamen"]
[Black "Krylov, Ivan"]
[WhiteFideId "2900980"]
[BlackFideId "24128066"]
[WhiteElo "2137"]
[BlackElo "2258"]
[Result "0-1"]
[Round "08"]
[TimeControl "180+1"]
[Date "2022.02.15"]
[WhiteClock "0:00:05"]
[BlackClock "0:00:18"]

1. e4 c6 2. d4 d5 3. e5 c5 4. c3 Nc6 5. Nf3 Bg4 6. Be2 Bxf3 7. Bxf3 cxd4 8. cxd4 e6 9. O-O Nge7 10. Nc3 Nf5 11. Ne2 Be7 12. g4 Nh4 13. Bh1 h5 14. f3 hxg4 15. fxg4 Bg5 16. Qb3 Bxc1 17. Raxc1 Qb6 18. Qe3 Qxb2 19. Rb1 Qxa2 20. Rxb7 O-O 21. Qf2 Nd8 22. Rbb1 Rc8 23. Ra1 Qb2 24. Rfb1 Qd2 25. Rd1 Qg5 26. h3 Rc2 27. Rxa7 Ng6 28. Qf3 Nh4 29. Qd3 Rb2 30. Rf1 Rd2 31. Qb5 Qe3+ 32. Rf2 Rd1+ 0-1


[Site "https://www.chess.com"]

[Event "Titled Tuesday Blitz February 15 Early 2022"]
[White "Svane, Frederik"]
[Black "Gunina, Valentina"]
[WhiteFideId "12923044"]
[BlackFideId "4167570"]
[WhiteElo "2459"]
[BlackElo "2465"]
[Result "0-1"]
[Round "08"]
[TimeControl "180+1"]
[Date "2022.02.15"]
[WhiteClock "0:00:01"]
[BlackClock "0:00:14"]

1. e4 c6 2. d4 d5 3. exd5 cxd5 4. Nf3 Nc6 5. c3 Bf5 6. Bd3 Bxd3 7. Qxd3 e6 8. O-O Bd6 9. Bg5 Qc7 10. Re1 h6 11. Bh4 Nge7 12. Bg3 O-O 13. Nbd2 Bxg3 14. hxg3 Nf5 15. g4 Nfe7 16. g5 h5 17. g3 g6 18. Kg2 Nf5 19. Nf1 Kg7 20. Ne3 Nxe3+ 21. Qxe3 b5 22. Rh1 b4 23. Rh4 bxc3 24. bxc3 Ne7 25. g4 hxg4 26. Rah1 Rh8 27. Rxh8 Rxh8 28. Ne5 Rxh1 29. Kxh1 Nf5 30. Qd3 Qa5 31. Qd2 g3 32. fxg3 Nxg3+ 33. Kg2 Ne4 34. Qf4 Qc7 35. c4 Qb7 36. Kh3 dxc4 37. Nxc4 Nxg5+ 38. Qxg5 Qh1+ 39. Kg4 Qg1+ 40. Kh4 Qh2+ 41. Kg4 Qe2+ 42. Kg3 Qxc4 43. Qe5+ Kh7 44. Qf6 Qd3+ 45. Kg2 Qf5 46. Qh4+ Kg7 47. Qg3 Qe4+ 48. Kh3 Qxd4 49. a4 Qxa4 50. Qe5+ Kh7 51. Qf6 Qb3+ 52. Kg2 Qc2+ 53. Kg3 Qd3+ 54. Kh2 Kg8 55. Kg2 Qd5+ 56. Kg1 a5 57. Qf2 Qf5 58. Kh1 Kg7 59. Qd4+ Qf6 60. Qf2 Qa1+ 61. Kg2 a4 62. Kh2 a3 63. Kg2 Qb2 64. Kh1 Qb1+ 65. Kg2 Qe4+ 66. Kh2 Qc4 67. Kg2 a2 68. Qb2+ Kg8 69. Qb8+ Kh7 70. Qe5 Qd5+ 0-1


[Site "https://www.chess.com"]

[Event "Titled Tuesday Blitz February 15 Early 2022"]
[White "Szpar, Milosz"]
[Black "Van Foreest, Jorden"]
[WhiteFideId "1184989"]
[BlackFideId "1039784"]
[WhiteElo "2447"]
[BlackElo "2609"]
[Result "1-0"]
[Round "08"]
[TimeControl "180+1"]
[Date "2022.02.15"]
[WhiteClock "0:00:05"]
[BlackClock "0:00:16"]

1. e4 c6 2. d4 g6 3. Nf3 Bg7 4. h3 d6 5. Bd3 Nf6 6. O-O O-O 7. Re1 Qc7 8. Nbd2 e5 9. c3 Re8 10. Nf1 Nbd7 11. Ng3 Nf8 12. Be3 Be6 13. Qd2 a5 14. Bh6 a4 15. a3 Rad8 16. Rac1 Bb3 17. Be3 Ne6 18. Bb1 d5 19. exd5 Nxd5 20. Bh6 exd4 21. Bxg7 Kxg7 22. cxd4 Qf4 23. Qd3 Nf6 24. Ne2 Qd6 25. Qc3 Nd5 26. Qa5 Ndf4 27. Nxf4 Nxf4 28. Qb6 Ne2+ 29. Rxe2 Rxe2 30. Qxb7 Rxb2 31. Be4 Qxa3 32. Qxc6 Ra2 33. d5 Ra1 34. Qc3+ f6 35. Rxa1 Qd6 36. Nd4 Bxd5 37. Bxd5 Qxd5 38. Rxa4 Rd7 39. Rc4 Qd6 40. Nf3 Qd1+ 41. Qe1 Qd5 42. Rd4 Qf7 43. Rxd7 Qxd7 44. Qe3 g5 45. g4 Qd1+ 46. Kg2 Qd7 47. Nd4 Qd5+ 48. Kg3 Qd6+ 49. f4 Qc7 50. Ne6+ 1-0


[Site "https://www.chess.com"]

[Event "Titled Tuesday Blitz February 15 Early 2022"]
[White "Tanenbaum, Zachary"]
[Black "Dauner, Benedikt"]
[WhiteFideId "2060850"]
[BlackFideId "16225899"]
[WhiteElo "2168"]
[BlackElo "2230"]
[Result "0-1"]
[Round "08"]
[TimeControl "180+1"]
[Date "2022.02.15"]
[WhiteClock "0:00:21"]
[BlackClock "0:00:15"]

1. e4 Nf6 2. e5 Nd5 3. d4 d6 4. Nf3 g6 5. Bc4 Nb6 6. Bb3 Bg7 7. Ng5 e6 8. Qf3 Qe7 9. Ne4 dxe5 10. Bg5 Qb4+ 11. c3 Qa5 12. Bf6 O-O 13. dxe5 N8d7 14. O-O Nxe5 15. Qg3 Nbd7 16. Bxg7 Kxg7 17. Nbd2 h6 18. f4 Nc6 19. Rad1 f5 20. Nc4 Qa6 21. Rxd7+ Bxd7 22. Nc5 Qb5 23. Nxd7 Rf7 24. Nce5 Nxe5 25. Nxe5 Rf6 26. Rd1 Qc5+ 27. Kh1 Re8 28. Nd7 Qe7 29. Nxf6 Qxf6 30. Rd7+ Re7 31. Qd3 Qh4 32. Qd4+ Kf7 33. Rxe7+ Kxe7 34. Kg1 Qe1# 0-1


[Site "https://www.chess.com"]

[Event "Titled Tuesday Blitz February 15 Early 2022"]
[White "Tari, Aryan"]
[Black "Deac, Bogdan-Daniel"]
[WhiteFideId "1510045"]
[BlackFideId "1226380"]
[WhiteElo "2567"]
[BlackElo "2646"]
[Result "0-1"]
[Round "08"]
[TimeControl "180+1"]
[Date "2022.02.15"]
[WhiteClock "0:00:01"]
[BlackClock "0:00:09"]

1. e4 e5 2. Nf3 Nc6 3. Bb5 Nf6 4. d3 Bc5 5. Bxc6 dxc6 6. Be3 Bd6 7. h3 c5 8. Nc3 Nd7 9. Ne2 Nf8 10. Ng3 Ne6 11. Nf5 f6 12. O-O O-O 13. Nd2 Rf7 14. Qg4 Kh8 15. Qg3 Bf8 16. a4 b6 17. Nc4 a6 18. h4 g6 19. Nh6 Rd7 20. f4 Bxh6 21. fxe5 Bxe3+ 22. Nxe3 fxe5 23. Ng4 Nf4 24. Rf2 Re7 25. Nxe5 Rxe5 26. Qxf4 Qd6 27. Qh6 Be6 28. Raf1 Bg8 29. Rf7 Qd4+ 30. Kh1 Rh5 31. Qf4 Bxf7 0-1


[Site "https://www.chess.com"]

[Event "Titled Tuesday Blitz February 15 Early 2022"]
[White "Tasev, Dejan"]
[Black "Vovk, Orest"]
[WhiteFideId "936618"]
[BlackFideId "14113490"]
[WhiteElo "2253"]
[BlackElo "2203"]
[Result "1-0"]
[Round "08"]
[TimeControl "180+1"]
[Date "2022.02.15"]
[WhiteClock "0:00:20"]
[BlackClock "0:00:06"]

1. e4 Nc6 2. Nc3 Nf6 3. Nf3 d5 4. exd5 Nxd5 5. Bc4 Be6 6. Bb3 Nxc3 7. bxc3 Bxb3 8. axb3 g6 9. O-O Bg7 10. Re1 O-O 11. Bb2 e5 12. d3 Re8 13. c4 Nd4 14. Bxd4 exd4 15. Qd2 Qd6 16. Rxe8+ Rxe8 17. Re1 Rxe1+ 18. Qxe1 Bf6 19. g3 Kf8 20. Qa5 a6 21. Nd2 Be7 22. Ne4 Qd7 23. Qe5 Kg8 24. h4 f5 25. Nd2 Qd6 26. Qe2 Kf7 27. Nf3 Bf6 28. Qe1 h6 29. Qa5 c5 30. Qe1 g5 31. hxg5 hxg5 32. Qa5 g4 33. Nh2 Kg6 34. Qe1 Be5 35. f4 gxf3 36. Nxf3 Bxg3 37. Qe8+ Kh6 38. Qh8+ Kg6 39. Qg8+ Kh6 40. Qg5+ Kh7 41. Qxf5+ Qg6 42. Qd7+ Qg7 43. Qh3+ Kg8 44. Qe6+ Kh8 45. Kf1 Bf4 46. Qe8+ Kh7 47. Qh5+ Kg8 48. Qe8+ Kh7 49. Qe4+ Kh8 50. Qxf4 Qh7 51. Qf8+ Qg8 52. Qxg8+ Kxg8 53. Nd2 Kf7 54. Kf2 b6 55. Kf3 Ke6 56. Ke4 Kd6 57. Nf3 Kc6 58. Ne5+ Kd6 59. Nf7+ Ke6 60. Ng5+ Kd6 61. Nf3 b5 62. Nxd4 cxd4 63. Kxd4 b4 64. c5+ Kc6 65. Kc4 a5 1-0


[Site "https://www.chess.com"]

[Event "Titled Tuesday Blitz February 15 Early 2022"]
[White "Tay, Junior"]
[Black "Winkels, Marcel"]
[WhiteFideId "5800439"]
[BlackFideId "1003887"]
[WhiteElo "2216"]
[BlackElo "1900"]
[Result "1-0"]
[Round "08"]
[TimeControl "180+1"]
[Date "2022.02.15"]
[WhiteClock "0:01:07"]
[BlackClock "0:00:02"]

1. Nc3 d5 2. e4 d4 3. Nce2 e5 4. Ng3 Nf6 5. Bc4 h5 6. h4 Bg4 7. Nf3 Bd6 8. d3 Nbd7 9. c3 Qe7 10. Qb3 O-O-O 11. Bxf7 Bxf3 12. gxf3 Rhf8 13. Be6 g6 14. Bg5 Rde8 15. Bh3 Kb8 16. O-O-O dxc3 17. bxc3 Nb6 18. Kb1 Bc5 19. d4 exd4 20. cxd4 Ba3 21. e5 a5 22. Bxf6 Qb4 23. Ne4 Nc4 24. Qxb4 Bxb4 25. Kc2 c5 26. dxc5 Nxe5 27. Bxe5+ Rxe5 28. Rd3 Bxc5 29. Rhd1 Bb6 30. Rb1 Bc7 31. Kd1 Rd8 32. Rxd8+ Bxd8 33. Ke2 Rd5 34. Rd1 1-0


[Site "https://www.chess.com"]

[Event "Titled Tuesday Blitz February 15 Early 2022"]
[White "Terry, Renato"]
[Black "Navara, David"]
[WhiteFideId "3803457"]
[BlackFideId "309095"]
[WhiteElo "2577"]
[BlackElo "2686"]
[Result "1/2-1/2"]
[Round "08"]
[TimeControl "180+1"]
[Date "2022.02.15"]
[WhiteClock "0:00:08"]
[BlackClock "0:00:03"]

1. d4 Nf6 2. Bg5 d5 3. Bxf6 gxf6 4. e3 c5 5. c3 Nc6 6. Nf3 e5 7. Nbd2 cxd4 8. cxd4 Qb6 9. Qb3 e4 10. Ng1 Qxb3 11. Nxb3 Bb4+ 12. Kd1 Ke7 13. Ne2 Bd6 14. Nc3 Be6 15. g3 Rac8 16. Rc1 a6 17. Na4 Nb4 18. a3 Bg4+ 19. Kd2 Rxc1 20. Nxc1 Nc6 21. Nb3 Be6 22. Be2 Rc8 23. Rc1 Rc7 24. Nb6 Nb8 25. Nc5 Bxc5 26. Rxc5 Kd6 27. Rxc7 Kxc7 28. Na4 Nd7 29. Kc3 Kc6 30. b4 b5 31. Nc5 Kb6 32. a4 f5 33. a5+ Ka7 34. Bh5 Nf8 35. Kd2 Ng6 36. Ke2 Bc8 37. f3 Kb8 38. Kf2 Kc7 39. g4 fxg4 40. fxg4 Kd6 41. Kg3 f6 42. h4 Ke7 43. Bxg6 hxg6 44. Kf4 Kd6 45. h5 g5+ 46. Kg3 Ke7 47. Nb3 Kf7 48. Nd2 Kg7 49. Nb1 Kh6 50. Nc3 Bb7 51. Ne2 Bc6 52. Nc1 Bb7 53. Kh3 Kg7 54. Nb3 Kh6 55. Nc5 Bc8 56. Kg3 Kg7 57. Nb3 Kh6 58. Nd2 f5 59. gxf5 Bxf5 60. Nb3 Kxh5 61. Nc5 Bc8 62. Nb3 Bd7 63. Nc5 Bc8 64. Nb3 Bd7 65. Nd2 Be6 66. Nb1 Bd7 67. Nc3 Bc6 68. Ne2 Bd7 69. Nc1 Be6 70. Nb3 Bd7 1/2-1/2


[Site "https://www.chess.com"]

[Event "Titled Tuesday Blitz February 15 Early 2022"]
[White "Thunderbolt135"]
[Black "Sychev, Klementy"]
[BlackFideId "4114060"]
[WhiteElo "2749"]
[BlackElo "2564"]
[Result "1-0"]
[Round "08"]
[TimeControl "180+1"]
[Date "2022.02.15"]
[WhiteClock "0:00:40"]
[BlackClock "0:00:02"]

1. e4 e5 2. Nf3 Nc6 3. d4 exd4 4. Bc4 Nf6 5. O-O Nxe4 6. Re1 d5 7. Nc3 dxc4 8. Rxe4+ Be7 9. Nxd4 f5 10. Rf4 O-O 11. Nxc6 bxc6 12. Rxc4 c5 13. Qxd8 Rxd8 14. Bf4 Be6 15. Ra4 c6 16. Re1 Kf7 17. Ra6 Rdc8 18. b3 g5 19. Be5 h5 20. Na4 c4 21. Bc3 cxb3 22. axb3 Rc7 23. Ra5 c5 24. Ra6 Bc8 25. Rh6 Rd7 26. Rh7+ Kf8 27. Rxh5 g4 28. Rxf5+ Kg8 29. Rfe5 Bf8 30. Rg5+ Kh7 31. Rxg4 Bb7 32. Rg5 Rad8 33. Nxc5 Rd5 34. Nxb7 Re8 35. Rxd5 1-0


[Site "https://www.chess.com"]

[Event "Titled Tuesday Blitz February 15 Early 2022"]
[White "Timofeev, Artyom"]
[Black "Garagulya, Konstantin"]
[WhiteFideId "4140419"]
[BlackFideId "4128931"]
[WhiteElo "2583"]
[BlackElo "2329"]
[Result "1-0"]
[Round "08"]
[TimeControl "180+1"]
[Date "2022.02.15"]
[WhiteClock "0:00:15"]
[BlackClock "0:00:01"]

1. d4 d5 2. c4 dxc4 3. Nf3 Nf6 4. e3 e6 5. Bxc4 a6 6. O-O c5 7. b3 Nc6 8. Bb2 cxd4 9. Nxd4 Nxd4 10. Bxd4 Be7 11. Nd2 O-O 12. Be2 Nd5 13. Bf3 b5 14. Ne4 Bb7 15. Nc5 Bc6 16. Rc1 Qd6 17. Qd2 Nf6 18. Nb7 Bxb7 19. Bxb7 Rab8 20. Bf3 e5 21. Bc3 Qxd2 22. Bxd2 e4 23. Be2 Rfc8 24. a4 Rxc1 25. Rxc1 Nd5 26. axb5 axb5 27. f3 f5 28. fxe4 fxe4 29. Bg4 Kf7 30. Rc6 Nf6 31. Be6+ Kg6 32. g4 Rd8 33. Be1 h5 34. Bf5+ Kh6 35. h3 Rd1 36. Kf2 hxg4 37. hxg4 Kg5 38. Ke2 Rb1 39. Bg3 Rb2+ 40. Kd1 Rxb3 41. Bf4+ Kh4 42. Kc2 Ra3 43. Re6 Bf8 44. g5 1-0


[Site "https://www.chess.com"]

[Event "Titled Tuesday Blitz February 15 Early 2022"]
[White "Toncheva, Nadya"]
[Black "Domingo Nunez, Alejandro"]
[WhiteFideId "2924056"]
[BlackFideId "22245561"]
[WhiteElo "1920"]
[BlackElo "2215"]
[Result "0-1"]
[Round "08"]
[TimeControl "180+1"]
[Date "2022.02.15"]
[WhiteClock "0:00:16"]
[BlackClock "0:00:17"]

1. e4 g6 2. d4 Bg7 3. c4 d6 4. Nc3 Nd7 5. Be2 e5 6. d5 a5 7. Bd3 h5 8. Nge2 h4 9. h3 Nc5 10. Bc2 Bh6 11. Bxh6 Nxh6 12. Qd2 Bd7 13. O-O-O Ng8 14. Kb1 Qe7 15. Nc1 Nf6 16. f3 Nh5 17. Nd3 Nxd3 18. Bxd3 Nf4 19. Bc2 Qg5 20. Rhg1 O-O 21. Ne2 Kg7 22. Nxf4 Qxf4 23. Qf2 Rfd8 24. g3 hxg3 25. Rxg3 Rh8 26. Qg2 Rh6 27. Rh1 Rah8 28. a3 c6 29. Bd3 cxd5 30. cxd5 Qe3 31. Bc2 b5 32. f4 Qxf4 33. Rf1 Qh4 34. Qf2 Qe7 35. Rf3 Rf8 36. Bd3 b4 37. axb4 axb4 38. Qb6 Bxh3 39. Rh1 Rfh8 40. Qxb4 Bg2 41. Rxh6 Rxh6 42. Rg3 Rh1+ 43. Ka2 Qa7+ 44. Qa3 Qf2 45. Bb5 Bxe4 46. Qc3 Bxd5+ 47. Ka3 Ra1+ 48. Kb4 Qf4+ 49. Bc4 Bxc4 0-1


[Site "https://www.chess.com"]

[Event "Titled Tuesday Blitz February 15 Early 2022"]
[White "Tsyhanchuk, Stanislav"]
[Black "Mejia, Cherry Ann"]
[WhiteFideId "13505130"]
[BlackFideId "5206880"]
[WhiteElo "2078"]
[BlackElo "2007"]
[Result "1/2-1/2"]
[Round "08"]
[TimeControl "180+1"]
[Date "2022.02.15"]
[WhiteClock "0:00:35"]
[BlackClock "0:01:34"]

1. e4 c5 2. Nf3 Nc6 3. Bb5 e6 4. O-O Qb6 5. Nc3 a6 6. Bxc6 Qxc6 7. d4 cxd4 8. Nxd4 Qc7 9. Be3 Nf6 10. h3 b5 11. a3 Bb7 12. Qd3 Be7 13. Bg5 O-O 14. Rae1 d6 15. f4 Rac8 16. e5 dxe5 17. fxe5 Nd5 18. Nxd5 Bxd5 19. Bxe7 Qxe7 20. Rf2 Rfd8 21. Qe3 Qh4 22. Nf3 Bxf3 23. Qxf3 Rc7 24. c3 h6 25. Re4 Qg5 26. Kh2 Rd5 27. Qf4 Qxf4+ 28. Rfxf4 Rcc5 29. a4 Rxe5 30. Rd4 Red5 31. Rb4 1/2-1/2


[Site "https://www.chess.com"]

[Event "Titled Tuesday Blitz February 15 Early 2022"]
[White "Urazayev, Arystanbek"]
[Black "Bortnyk, Olexandr"]
[WhiteFideId "13709810"]
[BlackFideId "14120828"]
[WhiteElo "2321"]
[BlackElo "2723"]
[Result "0-1"]
[Round "08"]
[TimeControl "180+1"]
[Date "2022.02.15"]
[WhiteClock "0:00:18"]
[BlackClock "0:01:10"]

1. d4 f5 2. e4 fxe4 3. Nc3 Nf6 4. Bg5 Nc6 5. d5 Ne5 6. Qd4 Nf7 7. h4 c6 8. O-O-O Qb6 9. Bxf6 gxf6 10. Qxe4 Qxf2 11. dxc6 bxc6 12. Bc4 Bh6+ 13. Kb1 Qe3 14. Bxf7+ Kxf7 15. Qc4+ Qe6 16. Qc5 Qe5 17. Qc4+ Qe6 18. Qc5 d5 19. Nf3 Qd6 20. Qf2 Rb8 21. b3 Bg4 22. Rd4 Bxf3 23. Qxf3 Qe5 24. Ra4 Rhg8 25. g4 Qe3 26. Rf1 d4 27. Ne2 Qxf3 28. Rxf3 Rxg4 29. Rxd4 Rbg8 30. Kb2 c5 31. Rd7 Rxh4 32. Rxa7 Rg2 33. Nf4 Bxf4 0-1


[Site "https://www.chess.com"]

[Event "Titled Tuesday Blitz February 15 Early 2022"]
[White "Van den Dikkenberg, Erik"]
[Black "Martin, Lewis"]
[WhiteFideId "1005880"]
[BlackFideId "410551"]
[WhiteElo "2118"]
[BlackElo "2145"]
[Result "0-1"]
[Round "08"]
[TimeControl "180+1"]
[Date "2022.02.15"]
[WhiteClock "0:00:16"]
[BlackClock "0:01:25"]

1. e4 c5 2. Nc3 Nc6 3. f4 g6 4. Nf3 Bg7 5. Bc4 e6 6. O-O Nge7 7. d3 O-O 8. Kh1 d5 9. Bb3 b5 10. Nxb5 Rb8 11. Nc3 Ba6 12. a4 c4 13. Ba2 cxd3 14. cxd3 Bxc3 15. bxc3 dxe4 16. dxe4 Bxf1 17. Qxf1 Qa5 18. f5 exf5 19. Bh6 Rfd8 20. Ng5 Ne5 21. Nxf7 Nxf7 22. Qc4 Rf8 23. Bxf8 Rxf8 24. Rf1 Kg7 25. exf5 Nxf5 26. Qe6 Qxc3 27. g4 Qh3 28. Rxf5 gxf5 29. gxf5 Qf1# 0-1


[Site "https://www.chess.com"]

[Event "Titled Tuesday Blitz February 15 Early 2022"]
[White "Vargas Pereda, Jesus Manue"]
[Black "Harish, Neeraj"]
[WhiteFideId "5115710"]
[BlackFideId "30958130"]
[WhiteElo "1763"]
[BlackElo "1545"]
[Result "1-0"]
[Round "08"]
[TimeControl "180+1"]
[Date "2022.02.15"]
[WhiteClock "0:00:22"]
[BlackClock "0:00:19"]

1. d4 Nf6 2. Bf4 d5 3. Nf3 c5 4. e3 Nc6 5. c3 Qb6 6. Qc2 g6 7. dxc5 Qxc5 8. Bd3 Bg7 9. O-O O-O 10. Nbd2 Re8 11. Ne5 Nxe5 12. Bxe5 Ng4 13. Bxg7 Kxg7 14. h3 Ne5 15. Nb3 Qb6 16. Rad1 Nxd3 17. Qxd3 e6 18. Rd2 Bd7 19. Rfd1 Bb5 20. Qd4+ Qxd4 21. Nxd4 Bc6 22. Nxc6 bxc6 23. c4 Rab8 24. Rc1 Rec8 25. Rdc2 a5 26. cxd5 exd5 27. b3 Rb6 28. Rc5 Ra6 29. Rxd5 c5 30. Rdxc5 Rxc5 31. Rxc5 a4 32. Rb5 axb3 33. axb3 Ra1+ 34. Kh2 Rb1 35. Rb8 Kf6 36. Kg3 h5 37. Kf3 Rb2 38. b4 Ke6 39. Kg3 g5 40. f4 f6 41. Kf3 Kf5 42. g4+ hxg4+ 43. hxg4+ Kg6 44. Ke4 gxf4 45. exf4 Re2+ 46. Kf3 Rb2 47. b5 Rb1 48. b6 Rf1+ 49. Ke3 Rb1 50. b7 Re1+ 51. Kf2 Rb1 52. Rg8+ Kf7 53. b8=Q 1-0


[Site "https://www.chess.com"]

[Event "Titled Tuesday Blitz February 15 Early 2022"]
[White "Vidit, Santosh Gujrathi"]
[Black "Corrales Jimenez, Fidel"]
[WhiteFideId "5029465"]
[BlackFideId "3506690"]
[WhiteElo "2654"]
[BlackElo "2541"]
[Result "0-1"]
[Round "08"]
[TimeControl "180+1"]
[Date "2022.02.15"]
[WhiteClock "0:00:06"]
[BlackClock "0:00:10"]

1. Nf3 Nf6 2. g3 g6 3. Bg2 Bg7 4. c4 O-O 5. d4 d5 6. O-O Nc6 7. Na3 Re8 8. Bf4 dxc4 9. Nxc4 Nd5 10. e3 h6 11. h4 Bg4 12. Qb3 Rb8 13. Nce5 Be6 14. Nxc6 bxc6 15. Qa3 f6 16. e4 Nxf4 17. gxf4 Qd6 18. Qe3 Rxb2 19. Rfc1 Qd7 20. Qc3 Rb6 21. a4 Bf7 22. a5 Rbb8 23. Qxc6 Qg4 24. Qxc7 Rbc8 25. Qxa7 Rxc1+ 26. Rxc1 Qxf4 27. Re1 g5 28. hxg5 fxg5 29. Ne5 Rf8 30. Nxf7 Rxf7 31. d5 Qd2 32. Qe3 Qxa5 33. e5 Rf4 34. Re2 h5 35. Qg3 Rg4 36. Qe3 Qb4 37. f3 Rf4 38. Kf2 g4 39. Kg3 Rf5 40. f4 Bh6 41. Rf2 Kg7 42. Qe4 Qc3+ 43. Kh2 e6 44. dxe6 g3+ 45. Kh1 gxf2 46. Qxf5 Qc1+ 47. Kh2 Bxf4+ 48. Kh3 Qe3+ 49. Kh4 Qg3+ 50. Kxh5 Qh2+ 51. Kg4 Qxg2+ 52. Kh5 Qg5+ 53. Qxg5+ Bxg5 54. Kxg5 f1=Q 55. e7 Qf7 56. e8=Q Qxe8 0-1


[Site "https://www.chess.com"]

[Event "Titled Tuesday Blitz February 15 Early 2022"]
[White "Vifleemskaia, Svetlana"]
[Black "Allahverdiyeva, Ayan"]
[WhiteFideId "4129490"]
[BlackFideId "13412590"]
[WhiteElo "1901"]
[BlackElo "1910"]
[Result "1-0"]
[Round "08"]
[TimeControl "180+1"]
[Date "2022.02.15"]
[WhiteClock "0:00:11"]
[BlackClock "0:00:03"]

1. d4 e6 2. c4 Nf6 3. Nc3 Bb4 4. e3 O-O 5. Ne2 d5 6. a3 Bxc3+ 7. Nxc3 dxc4 8. Bxc4 Nc6 9. O-O e5 10. d5 Ne7 11. e4 h6 12. f4 Ng6 13. f5 Ne7 14. Qf3 a6 15. Qg3 Kh7 16. Qxe5 b5 17. Bd3 c6 18. d6 Re8 19. dxe7 Qxd3 20. Rd1 Ng4 21. Qf4 Qc2 22. Qxg4 Rxe7 23. Qh4 f6 24. Qf2 Qb3 25. Be3 Bb7 26. Bc5 Re5 27. Rd7 Bc8 28. Rc7 a5 29. Qg3 Qg8 30. Rd1 Re8 31. Qg6+ Kh8 32. Rd3 Bxf5 33. Qxf5 Re5 34. Qf2 Qc4 35. Rdd7 Rg8 36. Bd4 Re6 37. Bxf6 1-0


[Site "https://www.chess.com"]

[Event "Titled Tuesday Blitz February 15 Early 2022"]
[White "Visakh N R"]
[Black "Borisova, Ekaterina"]
[WhiteFideId "25012223"]
[BlackFideId "34124184"]
[WhiteElo "2776"]
[BlackElo "2564"]
[Result "1-0"]
[Round "08"]
[TimeControl "180+1"]
[Date "2022.02.15"]
[WhiteClock "0:00:54"]
[BlackClock "0:00:01"]

1. e4 c6 2. d4 d5 3. Nd2 dxe4 4. Nxe4 Bf5 5. Ng3 Bg6 6. Nf3 Nd7 7. Bd3 Ngf6 8. O-O e6 9. Re1 Bd6 10. Nf5 Bxf5 11. Bxf5 O-O 12. Bd3 c5 13. c3 cxd4 14. Nxd4 Ne5 15. Bc2 Ng6 16. g3 Qb6 17. Rb1 Rad8 18. Be3 Qa5 19. a4 Nd5 20. Bd2 Qc5 21. Qe2 Rfe8 22. b4 Qc8 23. Nb5 Bb8 24. c4 a6 25. Nc3 Nf6 26. c5 a5 27. Nb5 axb4 28. Bxb4 Nd5 29. Ba3 e5 30. Be4 Qh3 31. Qf3 Nf6 32. Bxb7 e4 33. Qg2 Qg4 34. Bb2 Rd2 35. Bxf6 gxf6 36. Bxe4 f5 37. Bf3 Rxe1+ 38. Rxe1 Qxa4 39. Re8+ Kg7 40. Rxb8 Ne5 41. Bh5 Qa1+ 42. Qf1 Qb2 43. Rb7 Kh6 44. Nd6 Qc2 45. Qh3 Qc1+ 46. Bd1+ Kg5 47. Qxf5+ 1-0


[Site "https://www.chess.com"]

[Event "Titled Tuesday Blitz February 15 Early 2022"]
[White "Viskelis, Darius"]
[Black "Miszler, Levente"]
[WhiteFideId "12800830"]
[BlackFideId "763276"]
[WhiteElo "1999"]
[BlackElo "1966"]
[Result "1-0"]
[Round "08"]
[TimeControl "180+1"]
[Date "2022.02.15"]
[WhiteClock "0:01:31"]
[BlackClock "0:00:51"]

1. e4 Nc6 2. Nf3 d6 3. d4 g6 4. Nc3 Bg7 5. Be3 e5 6. dxe5 Nxe5 7. Nxe5 Bxe5 8. Qd2 Ne7 9. O-O-O Nc6 10. Bg5 Bf6 11. h4 Be6 12. Nd5 Bxg5 13. hxg5 Bxd5 14. exd5 Ne7 15. Bb5+ c6 16. dxc6 bxc6 17. Ba4 d5 18. Qd4 Kd7 19. Qc5 Qb6 20. Rxd5+ Nxd5 21. Qxd5+ Kc8 22. Bxc6 Rd8 23. Qc4 Qd4 24. Qxd4 Rxd4 25. Bxa8 Rf4 26. Bf3 Rf5 27. Rxh7 Rxg5 28. Rxf7 Re5 29. Rxa7 1-0


[Site "https://www.chess.com"]